 Dungeon Crawl Stone Soup version 0.31-a0-1301-g7e11add784 (webtiles) character file.

Game seed: 4478879565978275065

109 Bnni the Digger (level 5, -3/35 (38) HPs)
             Began as a Formicid Earth Elementalist on Dec 19, 2023.
             Slain by Crazy Yiuf
             ... wielding a +4 quarterstaff of chaos
              (7 damage)
             ... on level 2 of the Dungeon.
             The game lasted 00:04:03 (1414 turns).

Bnni the Digger (Formicid Earth Elementalist)       Turns: 1414, Time: 00:04:03

HP:   -3/35 (38)    AC:  2    Str: 12    XL:     5   Next: 13%
MP:   7/9           EV: 12    Int: 17    God:
Gold: 76            SH:  0    Dex: 14    Spells: 9/10 levels left

rFire   . . .        d - +0 whip
rCold   . . .        (no shield)
rNeg    . . .        a - +0 robe
rPois   .            (helmet unavailable)
rElec   .            (no cloak)
rCorr   .            (no gloves)
SInv    +            (no boots)
Will    .....        (no amulet)
Stlth   ++           (no ring)
HPRegen 0.25/turn    (no ring)
MPRegen 0.11/turn

%: no passive effects
@: drained
A: permanent stasis, dig shafts and tunnels, antennae 3, four strong arms
a: Dig, Shaft Self


You were on level 2 of the Dungeon.
You visited 1 branch of the dungeon, and saw 2 of its levels.

You collected 76 gold pieces.

Inventory:

Hand Weapons
 d - a +0 whip (weapon)
Armour
 a - a +0 robe (worn)
 j - a +0 plate armour
Wands
 l - a wand of mindburst (8)
Scrolls
 c - a scroll of poison {unknown}
 e - a scroll of enchant weapon {unknown}
 f - a scroll of immolation {unknown}
 g - a scroll of revelation {unknown}
 h - a scroll of enchant armour {unknown}
 i - 3 scrolls of identify {unknown}
 k - a scroll of blinking {unknown}
Potions
 b - 2 potions of magic
 m - a potion of enlightenment {unknown}


   Skills:
 + Level 1.9 Fighting
 - Level 1.7 Dodging
 - Level 2.4 Stealth
 + Level 3.0 Spellcasting
 - Level 2.0 Transmutations
 * Level 5.1 Earth Magic


You had 9 spell levels left.
You knew the following spells:

 Your Spells              Type           Power      Damage    Failure   Level
a - Sandblast             Erth           40%        2d10      2%          1

Your spell library contained the following spells:

 Spells                   Type           Power      Damage    Failure   Level
 Passwall                 Tmut/Erth      11%        N/A       6%          2
 Freeze                   Ice            8%         1d3       17%         1
 Stone Arrow              Conj/Erth      22%        3d8       19%         3
 Ensorcelled Hibernation  Hex/Ice        4%         N/A       26%         2
 Petrify                  Tmut/Erth      14%        N/A       38%         4
 Brom's Barrelling Bould  Conj/Erth      11%        2d3       52%         4


Dungeon Overview and Level Annotations

Branches:
Dungeon (2/15)

Altars:

Annotations:
D:2 Crazy Yiuf


Innate Abilities, Weirdness & Mutations

You cannot be hasted, slowed, berserked, paralysed or teleported.
You can dig through walls and to a lower floor.
You have a pair of large antennae on your head. (SInv)
Your four strong arms can wield two-handed weapons with a shield.


Message History

The goblin barely misses you.
Unknown command.
Aiming: Sandblast (safe; 2% risk of failure)
Press: ? - help, Q - select action, (/) - cycle Shift-Dir - straight line, f/p - goblin
Aim: a goblin, wielding a +0 dagger (79% to hit)
The blast of sand hits the goblin!
You kill the goblin!
Unknown command.
You see here a +0 dagger.
You see here a bat corpse.
Found a stone staircase leading up.
There is a stone staircase leading up here.
i - 3 scrolls labelled TOSCHE ZYOSIUSIY (gained 1)
m - a lumpy coppery potion
Found a flail.
Found a stone staircase leading down.
You see here a +0 flail.
b - 2 potions of magic (gained 1)
You now have 76 gold pieces (gained 5).
Found a hammer.
Found a runed translucent door.
Crazy Yiuf shouts!
You open the door.
Aiming: Sandblast (safe; 2% risk of failure)
Press: ? - help, Q - select action, (/) - cycle Shift-Dir - straight line, f - Crazy Yiuf
Aim: Crazy Yiuf, wielding a +4 quarterstaff of chaos and wearing a +0 cloak (85% to hit)
The blast of sand misses Crazy Yiuf.
Crazy Yiuf hits you with a +4 quarterstaff of chaos.
You feel drained.
Crazy Yiuf cries, "Cake verde sallow!"
Crazy Yiuf hits you with a +4 quarterstaff of chaos!
Crazy Yiuf burns you.
Aiming: Sandblast (safe; 2% risk of failure)
Press: ? - help, Q - select action, (/) - cycle Shift-Dir - straight line, f/p - Crazy Yiuf
Aim: Crazy Yiuf, wielding a +4 quarterstaff of chaos and wearing a +0 cloak (85% to hit)
The blast of sand hits Crazy Yiuf!
Crazy Yiuf is heavily wounded.
Crazy Yiuf hits you with a +4 quarterstaff of chaos!
* * * LOW HITPOINT WARNING * * *
You feel drained.
You die...

#.......##..# #.#
#.......###.# #.#
#.......# #..# #.#
#......## #### ###
#......#
#......##♣♣♣♣♣ ##..
#........P.♣.♣♣♣ ###
#....##
#...........♣..♣#...#
# #......
##.........♣♣♣♣@g...#
.. .... #........♣♣
♣♣#..)# #......##
#....###♣♣ ###
#...###.. #....#
......... #....#
......... ######
.###.#.# #.#.# #.#.#
#...>


You could see Crazy Yiuf.

Vanquished Creatures
  A scorpion (D:2)
  2 dart slugs (D:1)
  4 bats
  4 endoplasms (D:1)
  6 giant cockroaches
  A goblin (D:2)
  2 hobgoblins (D:1)
  4 jackals (D:1)
  5 kobolds
  2 quokkas (D:1)
  A ball python (D:1)
  A frilled lizard (D:1)
  6 rats
39 creatures vanquished.

Notes
Turn   | Place    | Note
-------+----------+-------------------------------------------
     0 | D:1      | Bnni the Formicid Earth Elementalist began the quest for
                  | the Orb.
     0 | D:1      | Reached XP level 1. HP: 13/13 MP: 3/3
   113 | D:1      | Got Wofat's Precepts of Firn
   121 | D:1      | Reached XP level 2. HP: 20/20 MP: 1/5
   265 | D:1      | Reached skill level 4 in Earth Magic
   350 | D:1      | Reached XP level 3. HP: 25/25 MP: 2/6
   505 | D:1      | Reached skill level 1 in Fighting
  1166 | D:2      | Noticed a scorpion
  1175 | D:2      | Killed a scorpion
  1176 | D:2      | Reached skill level 5 in Earth Magic
  1176 | D:2      | Reached XP level 4. HP: 15/33 MP: 0/8
  1176 | D:2      | Reached XP level 5. HP: 17/38 MP: 0/9
  1408 | D:2      | Found a runed translucent door.
  1409 | D:2      | Noticed Crazy Yiuf
  1414 | D:2      | Slain by Crazy Yiuf

Illustrated notes

Levels and vault maps discovered:
D:1:      tarquinn_simple_flora_water_b, layout_loops_cross
D:2:      layout_basic, basic_altar, uniq_crazy_yiuf_cottage

Skill      XL: |  1  2  3 |
---------------+----------+-----
Earth Magic    | 4 5 |  5.1
Transmutations | 2 |  2.0
Fighting       | 1 |  1.9
Spellcasting   | 3 |  3.0
Dodging        | |  1.7
Stealth        | |  2.4

Action                     |  1- 3 |  4- 6 || total
---------------------------+-------+-------++-------
  Melee: Whip              |    24 |       ||    24
   Cast: Sandblast         |    50 |     5 ||    55
 Armour: Robe              |    26 |     3 ||    29
  Dodge: Dodged            |    25 |     1 ||    26

Table legend: (Time is in decaauts)
 A = Elapsed time spent in this place.
 B = Non-inter-level travel time spent in this place.
 C = Inter-level travel time spent in this place.
 D = Time resting spent in this place.
 E = Time spent auto-exploring this place.
 F = Levels seen in this place.
 G = Mean time per level.
                   A        B        C        D        E       F      G
               +--------+--------+--------+--------+--------+-----+--------+
         Total |   1442 |   1401 |     41 |     12 |   1145 |   2 |  721.0 |
       Dungeon |   1442 |   1401 |     41 |     12 |   1145 |   2 |  721.0 |
               +--------+--------+--------+--------+--------+-----+--------+

Top non-repeatable levels by time:
     D:1: 1067 daAuts
     D:2: 374 daAuts
